 Dungeon Crawl Stone Soup version 0.29-a0-360-g8ed1089bbe (webtiles) character file.

Game seed: 5197865906230412679

365 ytrimaz the Chopper (level 6, -4/48 HPs)
             Began as a Demonspawn Fighter on Apr 28, 2022.
             Slain by a sky beast (5 damage)
             ... on level 3 of the Dungeon.
             The game lasted 00:01:57 (2326 turns).

ytrimaz the Chopper (Demonspawn Fighter)            Turns: 2326, Time: 00:01:58

Health: -4/48      AC:  9    Str: 18    XL:     6   Next: 40%
Magic:  6/6        EV:  9    Int:  9    God:
Gold:   80         SH:  4    Dex: 13    Spells: 5/5 levels left

rFire   . . .      SeeInvis .   a - +1 war axe
rCold   . . .      Faith    .   c - +0 buckler
rNeg    . . .      Spirit   .   b - +0 scale mail
rPois   .          Reflect  .   (no helmet)
rElec   .          Harm     .   (no cloak)
rCorr   .          Rampage  .   (no gloves)
Will    .....                   (no boots)
Stlth   ..........              (no amulet)
HPRegen 0.16/turn               (no ring)
MPRegen 0.10/turn               (no ring)

@: no status effects
A: yellow scales 1, ignite blood 1, powered by death 1
a: no special abilities


You were on level 3 of the Dungeon.
You visited 1 branch of the dungeon, and saw 3 of its levels.

You collected 80 gold pieces.

Inventory:

Hand Weapons
 a - a +1 war axe (weapon)
Armour
 b - a +0 scale mail (worn)
 c - a +0 buckler (worn)
Wands
 f - a wand of polymorph (6)
 h - a wand of iceblast (6)
Scrolls
 e - a scroll of identify
Potions
 d - a potion of might
 i - a potion of degeneration {unknown}
 j - a potion of flight {unknown}


   Skills:
 + Level 4.0 Fighting
 + Level 4.7 Axes
 + Level 3.7 Armour
 + Level 3.2 Shields


You had 5 spell levels left.
You didn't know any spells.
Your spell library was empty.

Dungeon Overview and Level Annotations

Branches:
Dungeon (3/15)

Altars:

Shops:
D:2 =


Innate Abilities, Weirdness & Mutations

You are partially covered in yellow scales. (AC +2)
Your demonic aura sometimes causes spilled blood to erupt in flames.
You regenerate a little health from kills.


Message History

The sky beast hits you. The sky beast shocks you.
You barely miss the sky beast.
The sky beast is lightly wounded.
The sky beast hits you but does no damage. x2
You slash the sky beast!
The sky beast is severely wounded.
The sky beast hits you. The sky beast shocks you.
You hit the sky beast but do no damage.
The sky beast is severely wounded.
The sky beast hits you. The sky beast shocks you.
You hit the sky beast but do no damage.
The sky beast is severely wounded.
The sky beast hits you. The sky beast shocks you.
* * * LOW HITPOINT WARNING * * *
You hit the sky beast.
The sky beast is severely wounded.
The sky beast closely misses you. x2
Unknown command.
You hit the sky beast.
The sky beast is almost dead.
The sky beast hits you but does no damage.
You barely miss the sky beast.
The sky beast is almost dead.
The sky beast hits you but does no damage. x2
You hit the sky beast.
The sky beast is almost dead.
The sky beast hits you but does no damage.
You closely miss the sky beast.
The sky beast is almost dead.
The sky beast hits you but does no damage.
You closely miss the sky beast.
The sky beast is almost dead.
The sky beast hits you.
* * * LOW HITPOINT WARNING * * *
The sky beast shocks you.
* * * LOW HITPOINT WARNING * * *
The sky beast hits you.
* * * LOW HITPOINT WARNING * * *
The sky beast shocks you.
You die...

#.........# .##.........#
...........# #.........#
.##.........#### #.
.).............### ####...
.....>....###....##.....>.
#####.#.### ##.#.#........
##..#.### #.#@Yg#..
#..##...####.###........
#..##.#..##...)..#......
##.##.##..#...####......
###.##.###...### .....
##.............# ..$..
...##....##..#....# ..(.
.#####............# #...
.## #......#####...


You could see a sky beast and a goblin.

Vanquished Creatures
  Grinder (D:3)
  Jessica (D:2)
  Ijyb (D:3)
  Terence (D:3)
  Natasha (D:3)
  3 gnolls (D:2)
  2 worms (D:2)
  2 dart slugs
  7 bats
  An endoplasm (D:1)
  2 giant cockroaches
  5 goblins
  5 hobgoblins
  4 kobolds
  4 ball pythons
  3 frilled lizards
  4 rats (D:1)
47 creatures vanquished.

Notes
Turn   | Place    | Note
-------+----------+-------------------------------------------
     0 | D:1      | ytrimaz the Demonspawn Fighter began the quest for the Orb.
     0 | D:1      | Reached XP level 1. HP: 18/18 MP: 1/1
   307 | D:1      | Gained mutation: You are partially covered in yellow
                  | scales. (AC +2) [demonic ancestry]
   307 | D:1      | Reached XP level 2. HP: 24/24 MP: 2/2
  1113 | D:2      | Gained mutation: Your demonic aura sometimes causes spilled
                  | blood to erupt in flames. [demonic ancestry]
  1113 | D:2      | Reached XP level 3. HP: 27/29 MP: 3/3
  1527 | D:2      | Noticed Jessica
  1535 | D:2      | Killed Jessica
  1536 | D:2      | Reached XP level 4. HP: 25/35 MP: 4/4
  1915 | D:2      | Found Parasibe's Jewellery Boutique.
  1960 | D:3      | Noticed Ijyb
  1964 | D:3      | Noticed Terence
  1974 | D:3      | Killed Ijyb
  1984 | D:3      | Killed Terence
  1985 | D:3      | Gained mutation: You regenerate a little health from kills.
                  | [demonic ancestry]
  1985 | D:3      | Reached XP level 5. HP: 17/42 MP: 5/5
  2166 | D:3      | Noticed Grinder
  2185 | D:3      | Killed Grinder
  2186 | D:3      | Reached XP level 6. HP: 48/48 MP: 6/6
  2298 | D:3      | Noticed Natasha
  2300 | D:3      | Noticed a sky beast
  2309 | D:3      | Killed Natasha
  2326 | D:3      | HP: 1/48 [sky beast (3)]
  2326 | D:3      | Slain by a sky beast

Illustrated notes

Levels and vault maps discovered:
D:1:      matt_arrival_spirals, layout_basic
D:2:      layout_rooms, serial_shops, nicolae_shop_hallway_plus, uniq_jessica
D:3:      layout_rooms, lemuel_tele_altar, serial_shops,
          nicolae_shop_statue_plus, minmay_misc_feat_tower, uniq_grinder,
          uniq_ijyb, uniq_terence, uniq_natasha

Skill      XL: |  1  2  3  4  5 |
---------------+----------------+-----
Axes           | 2 3 4 |  4.7
Armour         | 3 |  3.7
Shields        | 3 |  3.2
Fighting       | 4 |  4.0

Action                   |  1- 3 |  4- 6 || total
-------------------------+-------+-------++-------
Melee: War axe           |    97 |    69 ||   166
  Use: Scroll            |     1 |     4 ||     5
       Potion            |       |     2 ||     2
Armor: Scale mail        |    66 |    30 ||    96
       Skin              |       |     6 ||     6
Dodge: Dodged            |    46 |    21 ||    67
Block: Buckler           |    29 |     9 ||    38

Table legend: (Time is in decaauts)
 A = Elapsed time spent in this place.
 B = Non-inter-level travel time spent in this place.
 C = Inter-level travel time spent in this place.
 D = Time resting spent in this place.
 E = Time spent auto-exploring this place.
 F = Levels seen in this place.
 G = Mean time per level.
                   A        B        C        D        E       F      G
               +--------+--------+--------+--------+--------+-----+--------+
         Total |   2394 |   2353 |     41 |    244 |   1661 |   3 |  798.0 |
       Dungeon |   2394 |   2353 |     41 |    244 |   1661 |   3 |  798.0 |
               +--------+--------+--------+--------+--------+-----+--------+

Top non-repeatable levels by time:
     D:1: 1097 daAuts
     D:2: 912 daAuts
     D:3: 384 daAuts
